 Dungeon Crawl Stone Soup version 0.21.1-1-g345015f (webtiles) character file.

169 Goblin1989 the Conjurer (level 5, -2/35 HPs)
             Began as a Demonspawn Conjurer on Mar 18, 2018.
             Shot with an arrow by a centaur (13 damage)
             ... on level 5 of the Dungeon.
             The game lasted 00:10:38 (3858 turns).

Goblin1989 the Conjurer (Demonspawn Conjurer)       Turns: 3858, Time: 00:10:39

Health: -2/35      AC:  6    Str:  9    XL:     5   Next: 25%
Magic:  10/10      EV: 12    Int: 17    God:
Gold:   141        SH:  0    Dex: 13    Spells: 0/11 levels left

rFire    . . .     SeeInvis .   i - +0 short sword
rCold    . . .     Gourm    .   (no shield)
rNeg     . . .     Faith    .   a - +0 robe
rPois    .         Spirit   .   (no helmet)
rElec    .         Reflect  .   (no cloak)
rCorr    .         Harm     .   (no gloves)
MR       +....                  r - +0 pair of boots
Stlth    ++........             (no amulet)
HPRegen  0.11/turn              m - ring of protection from magic
MPRegen  0.12/turn              (no ring)

@: no status effects
A: molten scales 2, foul stench 1, rot immunity
a: no special abilities


You were on level 5 of the Dungeon.
You were not hungry.

You visited 1 branch of the dungeon, and saw 5 of its levels.

You collected 141 gold pieces.

Inventory:

Hand Weapons
 f - a +0 spear
 i - a +0 short sword (weapon)
 u - a +0 hunting sling
Missiles
 h - 164 stones (quivered) {@Q3}
Armour
 a - a +0 robe (worn)
 r - a +0 pair of boots (worn)
Jewellery
 m - a ring of protection from magic (left hand)
Scrolls
 l - 3 scrolls of immolation {unknown}
 n - 2 scrolls of enchant armour {unknown}
 o - 2 scrolls of amnesia {unknown}
 q - 2 scrolls of teleportation {unknown}
Potions
 k - a potion of agility {unknown}
 t - a potion of lignification {unknown}
 v - a potion of heal wounds {unknown}
Books
 e - a book of Conjurations

   Spells                             Type                      Level
   a - Magic Dart                     Conjuration                  1
   b - Searing Ray                    Conjuration                  2
   c - Dazzling Spray                 Conjuration/Hexes            3
   d - Fulminant Prism                Conjuration/Hexes            4
   e - Force Lance                    Conjuration/Translocation    4
   f - Iskenderun's Mystic Blast      Conjuration                  4
Comestibles
 c - 5 rations


   Skills:
 - Level 1.7 Dodging
 - Level 1.7 Stealth
 + Level 3.6 Spellcasting
 * Level 5.5 Conjurations
 + Level 0.4 Hexes


You couldn't memorise any spells.
You knew the following spells:

 Your Spells              Type           Power        Failure   Level  Hunger
a - Magic Dart            Conj           ###.         1%          1    None
b - Searing Ray           Conj           ###...       2%          2    ##.....
c - Iskenderun's Mystic   Conj           ###.....     16%         4    ####...
d - Fulminant Prism       Conj/Hex       ##........   43%         4    ####...


Dungeon Overview and Level Annotations

Branches:
Dungeon (5/15)
 Temple: D:4-7

Altars:
Elyvilon
Trog

Annotations:
D:4 Edmund; Solrac's ghost, amateur TrBe


Innate Abilities, Weirdness & Mutations

You are mostly covered in molten scales. (AC +3)
You may emit foul miasma when damaged in melee.
You are immune to rotting.


Message History

A bullfrog skeleton comes into view.
MP restored: 10 A bullfrog skeleton is nearby!
A bullfrog skeleton is nearby!
Casting: Magic Dart
Confirm with . or Enter, or press ? or * to list all spells.
Aiming: Magic Dart
Press: ? - help, Shift-Dir - straight line, f - bullfrog skeleton
Aim: a bullfrog skeleton (resting)
The magic dart hits the bullfrog skeleton.
The bullfrog skeleton is moderately damaged.
You now have 9/10 mp.
Casting: Magic Dart
Confirm with . or Enter, or press ? or * to list all spells.
Aiming: Magic Dart
Press: ? - help, Shift-Dir - straight line, f/p - bullfrog skeleton
Aim: a bullfrog skeleton (moderately damaged)
The magic dart hits the bullfrog skeleton.
The bullfrog skeleton is moderately damaged.
You now have 8/10 mp.
Casting: Magic Dart
Confirm with . or Enter, or press ? or * to list all spells.
Aiming: Magic Dart
Press: ? - help, Shift-Dir - straight line, f/p - bullfrog skeleton
Aim: a bullfrog skeleton (moderately damaged)
The magic dart hits the bullfrog skeleton.
The bullfrog skeleton is heavily damaged.
You now have 7/10 mp.
Casting: Magic Dart
Confirm with . or Enter, or press ? or * to list all spells.
Aiming: Magic Dart
Press: ? - help, Shift-Dir - straight line, f/p - bullfrog skeleton
Aim: a bullfrog skeleton (heavily damaged)
The magic dart hits the bullfrog skeleton.
The bullfrog skeleton is severely damaged.
You now have 6/10 mp.
Casting: Magic Dart
Confirm with . or Enter, or press ? or * to list all spells.
Aiming: Magic Dart
Press: ? - help, Shift-Dir - straight line, f/p - bullfrog skeleton
Aim: a bullfrog skeleton (severely damaged)
The magic dart hits the bullfrog skeleton.
The bullfrog skeleton is severely damaged.
You now have 5/10 mp.
Casting: Magic Dart
Confirm with . or Enter, or press ? or * to list all spells.
Aiming: Magic Dart
Press: ? - help, Shift-Dir - straight line, f/p - bullfrog skeleton
Aim: a bullfrog skeleton (severely damaged)
The magic dart hits the bullfrog skeleton.
The bullfrog skeleton is almost destroyed.
The bullfrog skeleton barely misses you.
The bullfrog skeleton hits you.
You take 4 damage, and have 31/35 hp.
You now have 4/10 mp.
Casting: Magic Dart
Confirm with . or Enter, or press ? or * to list all spells.
Aiming: Magic Dart
Press: ? - help, Shift-Dir - straight line, f/p - bullfrog skeleton
Aim: a bullfrog skeleton (almost destroyed)
The magic dart hits the bullfrog skeleton.
The bullfrog skeleton is almost destroyed.
The bullfrog skeleton hits you.
You take 3 damage, and have 28/35 hp.
You now have 3/10 mp.
Casting: Magic Dart
Confirm with . or Enter, or press ? or * to list all spells.
Aiming: Magic Dart
Press: ? - help, Shift-Dir - straight line, f/p - bullfrog skeleton
Aim: a bullfrog skeleton (almost destroyed)
The magic dart hits the bullfrog skeleton.
You destroy the bullfrog skeleton!
Something unseen opens the door.
Solrac's ghost (amateur Troll Berserker) comes into view.
Solrac's ghost turns its malevolent gaze towards you.
There is an open door here.
There is a stone staircase leading down here.
You climb downwards.
An ice beast comes into view.
There is a stone staircase leading up here.
Health restored: 35 MP restored: 10 A centaur comes into view.
The centaur shouts!
You hear a bark!
The centaur wields a shortbow.
The centaur shoots an arrow.
The arrow hits you!
You see here an arrow.
You take 9 damage, and have 26/35 hp.
MASSIVE DAMAGE!!
A centaur comes into view.
The centaur shouts!
You hear a bark! x2
The centaur wields a shortbow.
The centaur shoots an arrow.
The arrow hits you.
The centaur shoots an arrow.
The arrow barely misses you.
You see here an arrow.
You take 3 damage, and have 23/35 hp.
The centaur shoots an arrow.
The arrow hits you.
You see here an arrow.
You take 5 damage, and have 18/35 hp.
The centaur shoots an arrow.
The arrow hits you!
* * * LOW HITPOINT WARNING * * *
You see here an arrow.
You take 7 damage, and have 11/35 hp.
The centaur shoots an arrow.
The arrow hits you!
You die...

██...█........█..█.██.█ █
.................█.██.█ █
..█..█.............██.█ █
....c...██.█..█.██.██.█ █
█...................█ █
████.(.████.█.██.██████
█((......█.██.......
█c.....█(██████.██.██████
..%██████@█ █.██.█ █.█
█.████ █.██████.█
█........█


██████████ You could see a centaur.

Vanquished Creatures
  A bullfrog skeleton (D:4)
  A worker ant (D:4)
  3 adders
  An ooze (D:3)
  2 dart slugs (D:1)
  5 leopard geckos
  4 orcs
  A ball python (D:1)
  9 bats
  3 giant cockroaches
  4 goblins
  4 hobgoblins
  7 jackals
  13 kobolds
  2 quokkas (D:3)
  5 frilled lizards
  A leopard gecko skeleton (D:4)
  8 rats
74 creatures vanquished.

Notes
Turn   | Place    | Note
-------+----------+-------------------------------------------
     0 | D:1      | Goblin1989 the Demonspawn Conjurer began the quest for the Orb.
     0 | D:1      | Reached XP level 1. HP: 13/13 MP: 3/3
   265 | D:1      | Gained mutation: You are immune to rotting. [demonic ancestry]
   265 | D:1      | Reached XP level 2. HP: 16/19 MP: 0/5
   360 | D:1      | Learned a level 2 spell: Searing Ray
   641 | D:1      | Gained mutation: You are partially covered in molten scales. (AC +2) [demonic ancestry]
   641 | D:1      | Reached XP level 3. HP: 24/24 MP: 0/6
  1277 | D:2      | Found a bloodstained altar of Trog.
  2456 | D:2      | Reached skill level 5 in Conjurations
  2458 | D:2      | Gained mutation: You are mostly covered in molten scales. (AC +3) [demonic ancestry]
  2458 | D:2      | Reached XP level 4. HP: 7/30 MP: 2/8
  3149 | D:3      | Found a white marble altar of Elyvilon.
  3336 | D:4      | Noticed Edmund
  3343 | D:4      | Learned a level 4 spell: Iskenderun's Mystic Blast
  3614 | D:4      | Gained mutation: You may emit foul miasma when damaged in melee. [demonic ancestry]
  3614 | D:4      | Reached XP level 5. HP: 23/35 MP: 4/10
  3721 | D:4      | Learned a level 4 spell: Fulminant Prism
  3789 | D:4      | Noticed Solrac's ghost (amateur TrBe)
  3798 | D:5      | Entered Level 5 of the Dungeon
  3798 | D:5      | Noticed an ice beast
  3853 | D:5      | Noticed a centaur
  3855 | D:5      | Noticed a centaur
  3858 | D:5      | Shot with an arrow by a centaur

Skill      XL: |  1  2  3 |
---------------+----------+-----
Spellcasting   | 3 |  3.6
Conjurations   | 5 |  5.5
Dodging        | |  1.7
Stealth        | |  1.7
Hexes          | |  0.4

Action                   |  1- 3 |  4- 6 || total
-------------------------+-------+-------++-------
Melee: Spear             |     9 |       ||     9
       Short sword       |    16 |       ||    16
 Cast: Magic Dart        |   100 |    79 ||   179
       Searing Ray       |     3 |       ||     3
       Iskenderun's Myst |       |     1 ||     1
  Eat: Chunk             |     5 |     5 ||    10
Armor: Robe              |    13 |     4 ||    17
Dodge: Dodged            |    20 |    15 ||    35

Vault maps used:
D:1:      dpeg_arrival_simpleton_c, minmay_domino_2
D:2:      lightli_temple_of_fire, first_ration, minmay_misc_feat_tower
D:3:      elyvilon_altar_3
D:4:      lightli_minifort, uniq_edmund, uniq_pikel
D:5:      minmay_temple_entry_from_below_b, hangedman_decor_peaks_small,
          uniq_blork_the_orc, uniq_duvessa, uniq_prince_ribbit1
